 Dungeon Crawl Stone Soup version 0.26.0-15-gc6cd9f700b (webtiles) character file.

Game seed: 10364109386152227692

98 cobaltphoenix the Magician (level 4, 0/32 HPs)
             Began as a Gnoll Hedge Wizard on Jan 15, 2021.
             Succumbed to an adder's poison
             ... on level 3 of the Dungeon.
             The game lasted 00:07:43 (2721 turns).

cobaltphoenix the Magician (Gnoll Hedge Wizard)     Turns: 2721, Time: 00:07:44

Health: 0/32       AC:  2    Str: 13    XL:     4   Next: 69%
Magic:  1/13       EV: 15    Int: 16    God:
Gold:   140        SH:  0    Dex: 15    Spells: 6/17 levels left

rFire    . . .     SeeInvis .   a - +0 dagger
rCold    . . .     Faith    .   (no shield)
rNeg     . . .     Spirit   .   b - +0 robe
rPois    .         Reflect  .   c - +0 hat
rElec    .         Harm     .   (no cloak)
rCorr    .         Rampage  .   (no gloves)
Will     .....                  (no boots)
Stlth    ++........             (no amulet)
HPRegen  0.10/turn              (no ring)
MPRegen  0.13/turn              (no ring)

@: mighty, brilliant, lethally poisoned (0 -> -3), very slightly contaminated,
very slow
A: distributed training, fangs 1, strong nose
a: no special abilities


You were on level 3 of the Dungeon.
You visited 1 branch of the dungeon, and saw 3 of its levels.

You collected 140 gold pieces.


Innate Abilities, Weirdness & Mutations

Your experience applies equally to all skills.
You have very sharp teeth.
Your uncanny sense of smell can sniff out nearby items.


   Skills:
 + Level 1.2 Fighting
 + Level 1.2 Short Blades
 + Level 1.2 Long Blades
 + Level 1.2 Axes
 + Level 1.2 Maces & Flails
 + Level 1.2 Polearms
 + Level 1.2 Staves
 + Level 1.2 Slings
 + Level 1.2 Bows
 + Level 1.2 Crossbows
 + Level 1.2 Throwing
 + Level 1.2 Armour
 + Level 4.7 Dodging
 + Level 4.3 Stealth
 + Level 1.2 Shields
 + Level 1.2 Unarmed Combat
 + Level 7.2 Spellcasting
 + Level 2.3 Conjurations
 + Level 1.0 Hexes
 + Level 2.3 Summonings
 + Level 1.0 Necromancy
 + Level 2.3 Translocations
 + Level 1.0 Transmutations
 + Level 1.0 Fire Magic
 + Level 1.0 Ice Magic
 + Level 1.0 Air Magic
 + Level 1.0 Earth Magic
 + Level 1.0 Poison Magic
 + Level 1.3 Invocations
 + Level 1.2 Evocations


You had 6 spell levels left.
You knew the following spells:

 Your Spells              Type           Power        Failure   Level
a - Magic Dart            Conj           76%          4%          1
b - Blink                 Tloc           N/A          7%          2
c - Call Imp              Summ           19%          7%          2
d - Conjure Flame         Conj/Fire      16%          19%         3
x - Mephitic Cloud        Conj/Pois/Air  15%          21%         3

Your spell library contained the following spells:

 Spells                   Type           Power        Failure   Level
 Slow                     Hex            13%          12%         2

Inventory:

Hand Weapons
 a - a +0 dagger (weapon)
Armour
 b - a +0 robe (worn)
 c - a +0 hat (worn)
Magical Staves
 m - an uncursed staff of cold {rC+}
   (You found it on level 2 of the Dungeon)
Jewellery
 l - an uncursed ring of magical power {MP+9}
   (You took it off a hobgoblin on level 2 of the Dungeon)
Scrolls
 d - a scroll of enchant weapon {unknown}
 h - a scroll of fog {unknown}
 k - 2 scrolls of fear {unknown}
 n - a scroll of blinking {unknown}
Potions
 e - 2 potions of mutation {!q}
 f - 2 potions of resistance
 g - a potion of haste
 i - 2 potions of attraction {!q}

Dungeon Overview and Level Annotations

Branches:
Dungeon (3/15)

Altars:
Fedhas
Xom
Zin

################.#.#...#####.
#!....l....................#.
#.###################..###.#.
#.###.# ###### #†.# #. #.....##
##≈≈≈≈## ###..###.##
#####..###≈≈≈≈≈≈###.#......#
#...#.........≈≈....##..####
#.#......).....≈≈...##...#
#.#.##.....≈@†...≈..#....#
#...##....≈..≈≈)[≈..#.#..#
###.......≈....≈≈...#....##
#.#......÷≈⌠.......#....#
#######.#.......⌠≈≈...........#
#.....#.##...≈≈....≈....#..#..#
#.P.P.#†##..≈..≈≈..≈....#..#..#
..._....##..≈....≈≈.....##.#..##
..P.P...##...≈≈.........#......#


There were no monsters in sight!


Message History

The hobgoblin misses you.
The adder hisses angrily.
The adder bites you.
You take 4 damage, and have 17/32 hp.
You barely miss the adder. The adder completely misses you.
The adder barely misses you. The hobgoblin barely misses you.
The adder barely misses you. The adder bites you.
You take 4 damage, and have 13/32 hp.
The adder misses you.
You see here a rat corpse.
You miss the adder. The adder barely misses you.
The hobgoblin closely misses you.
You closely miss the adder. The adder bites you. The hobgoblin misses you.
You take 5 damage, and have 13/32 hp.
You barely miss the hobgoblin. The adder bites you.
The hobgoblin barely misses you. The adder misses you.
You take 1 damage, and have 12/32 hp.
Aim: a hobgoblin, wielding a +0 club (moderately wounded, 0% to evade)
The magic dart hits the hobgoblin but does no damage.
The adder bites you. The hobgoblin misses you.
You take 2 damage, and have 10/32 hp.
You now have 7/13 mp.
Aim: a hobgoblin, wielding a +0 club (moderately wounded, 0% to evade)
The magic dart hits the hobgoblin.
The adder completely misses you.
The hobgoblin hits you but does no damage.
You now have 6/13 mp.
Aim: a hobgoblin, wielding a +0 club (almost dead, 0% to evade)
You miscast Magic Dart.
You are very lightly contaminated with residual magic.
Nothing appears to happen.
The adder closely misses you. The adder bites you.
* * * LOW HITPOINT WARNING * * *
You are poisoned.
The adder poisons you! The hobgoblin closely misses you.
You take 1 damage, and have 9/32 hp.
Aim: a hobgoblin, wielding a +0 club (almost dead, 0% to evade)
The magic dart hits the hobgoblin.
You kill the hobgoblin!
You feel sick. The adder barely misses you.
Your Hexes skill increases to level 1!
Your Necromancy skill increases to level 1!
Your Transmutations skill increases to level 1!
Your Fire Magic skill increases to level 1!
Your Ice Magic skill increases to level 1!
Your Air Magic skill increases to level 1!
Your Earth Magic skill increases to level 1!
Your Poison Magic skill increases to level 1!
You take 1 damage, and have 8/32 hp.
You now have 5/13 mp.
You feel sick.
You take 1 damage, and have 7/32 hp.
The adder misses you.
You feel sick.
You take 1 damage, and have 6/32 hp.
Aim: an adder (0% to evade)
The magic dart hits the adder.
The adder barely misses you.
Your magical contamination has completely faded away.
You now have 4/13 mp.
Aim: an adder (lightly wounded, 0% to evade)
The magic dart hits the adder.
You feel sick. The adder bites you.
* * * LOW HITPOINT WARNING * * *
You are lethally poisoned!
The adder poisons you! The adder closely misses you.
You take 2 damage, and have 4/32 hp.
You now have 3/13 mp.
Aim: an adder (moderately wounded, 0% to evade)
The magic dart hits the adder but does no damage.
The adder misses you.
Aim: an adder (moderately wounded, 0% to evade)
The magic dart hits the adder.
* * * LOW HITPOINT WARNING * * *
You feel sick. The adder misses you.
You take 1 damage, and have 3/32 hp.
You now have 2/13 mp.
Aim: an adder (almost dead, 0% to evade)
You miscast Magic Dart.
You are very lightly contaminated with residual magic.
Nothing appears to happen.
The adder barely misses you.
You now have 1/13 mp.
Aim: an adder (almost dead, 0% to evade)
The magic dart hits the adder.
You kill the adder!
* * * LOW HITPOINT WARNING * * *
You feel sick.
You take 1 damage, and have 2/32 hp.
You now have 0/13 mp.
Unknown command.
You don't have enough magic to cast that spell.
You don't have enough magic to cast that spell.
You don't have enough magic to cast that spell.
You don't have enough magic to cast that spell.
Unknown command.
You see here an adder corpse.
You enter the shallow water.
Moving in this stuff is going to be slow.
* * * LOW HITPOINT WARNING * * *
You feel sick.
You take 1 damage, and have 1/32 hp.
Unknown command.
It was a potion of might.
You feel very mighty all of a sudden.
Okay, then.
It was a potion of brilliance.
You feel clever all of a sudden.
You die...

Skill      XL: |  1  2  3  4 |
---------------+-------------+-----
Conjurations   | 2 |  2.3
Summonings     | 2 |  2.3
Translocations | 2 |  2.3
Invocations    | 1 |  1.3
Fighting       | 1 |  1.2
Short Blades   | 1 |  1.2
Long Blades    | 1 |  1.2
Axes           | 1 |  1.2
Maces & Flails | 1 |  1.2
Polearms       | 1 |  1.2
Staves         | 1 |  1.2
Slings         | 1 |  1.2
Bows           | 1 |  1.2
Crossbows      | 1 |  1.2
Throwing       | 1 |  1.2
Armour         | 1 |  1.2
Shields        | 1 |  1.2
Unarmed Combat | 1 |  1.2
Evocations     | 1 |  1.2
Hexes          | 1 |  1.0
Necromancy     | 1 |  1.0
Transmutations | 1 |  1.0
Fire Magic     | 1 |  1.0
Ice Magic      | 1 |  1.0
Air Magic      | 1 |  1.0
Earth Magic    | 1 |  1.0
Poison Magic   | 1 |  1.0
Dodging        | |  4.7
Stealth        | |  4.3
Spellcasting   | |  7.2

Action                   |  1- 3 |  4- 6 || total
-------------------------+-------+-------++-------
Melee: Dagger            |     9 |     6 ||    15
       Bite              |     1 |       ||     1
 Cast: Magic Dart        |    82 |    39 ||   121
  Use: Scroll            |     5 |       ||     5
       Potion            |       |     2 ||     2
Armor: Robe              |     6 |     2 ||     8
Dodge: Dodged            |    19 |    39 ||    58

Levels and vault maps discovered:
D:1:      heliophobic_arrival_glass_houses, layout_basic, serial_bayou_pond_b
D:2:      layout_loops_ring, xom_butterflies, old_standard_altar
D:3:      cheibrodos_helix_gallery, layout_basic, fedhas_altar_1,
          okawaru_trees_2, minivault_24, minmay_misc_feat_roman

Notes
Turn   | Place    | Note
-------+----------+-------------------------------------------
     0 | D:1      | cobaltphoenix the Gnoll Hedge Wizard began the quest for
                  | the Orb.
     0 | D:1      | Reached XP level 1. HP: 13/13 MP: 8/8
   223 | D:1      | Reached skill level 2 in Conjurations
   223 | D:1      | Reached skill level 2 in Summonings
   223 | D:1      | Reached skill level 2 in Translocations
   310 | D:1      | Reached XP level 2. HP: 19/19 MP: 8/10
  1267 | D:2      | Reached XP level 3. HP: 25/25 MP: 9/11
  1340 | D:2      | Found a shimmering altar of Xom.
  1463 | D:2      | Learned a level 2 spell: Blink
  1466 | D:2      | Learned a level 2 spell: Call Imp
  1470 | D:2      | Learned a level 3 spell: Conjure Flame
  1474 | D:2      | Learned a level 3 spell: Mephitic Cloud
  1773 | D:2      | Found a glowing silver altar of Zin.
  2158 | D:3      | Reached skill level 1 in Invocations
  2177 | D:3      | Reached skill level 1 in Fighting
  2177 | D:3      | Reached skill level 1 in Short Blades
  2177 | D:3      | Reached skill level 1 in Long Blades
  2177 | D:3      | Reached skill level 1 in Axes
  2177 | D:3      | Reached skill level 1 in Maces & Flails
  2177 | D:3      | Reached skill level 1 in Polearms
  2177 | D:3      | Reached skill level 1 in Staves
  2177 | D:3      | Reached skill level 1 in Slings
  2177 | D:3      | Reached skill level 1 in Bows
  2177 | D:3      | Reached skill level 1 in Crossbows
  2177 | D:3      | Reached skill level 1 in Throwing
  2177 | D:3      | Reached skill level 1 in Armour
  2177 | D:3      | Reached skill level 1 in Shields
  2177 | D:3      | Reached skill level 1 in Unarmed Combat
  2177 | D:3      | Reached skill level 1 in Evocations
  2358 | D:3      | Reached XP level 4. HP: 32/32 MP: 8/13
  2428 | D:3      | Found a blossoming altar of Fedhas.
  2707 | D:3      | HP: 8/32 [poisoned by an adder]
  2708 | D:3      | Reached skill level 1 in Hexes
  2708 | D:3      | Reached skill level 1 in Necromancy
  2708 | D:3      | Reached skill level 1 in Transmutations
  2708 | D:3      | Reached skill level 1 in Fire Magic
  2708 | D:3      | Reached skill level 1 in Ice Magic
  2708 | D:3      | Reached skill level 1 in Air Magic
  2708 | D:3      | Reached skill level 1 in Earth Magic
  2708 | D:3      | Reached skill level 1 in Poison Magic
  2713 | D:3      | HP: 6/32 [poisoned by an adder]
  2717 | D:3      | HP: 2/32 [poisoned by an adder]
  2721 | D:3      | Succumbed to an adder's poison

Vanquished Creatures
  4 adders (D:3)
  An ooze (D:3)
  A leopard gecko (D:3)
  A ball python (D:1)
  4 giant cockroaches
  4 goblins
  7 hobgoblins
  4 jackals (D:3)
  A quokka (D:3)
  6 bats
  5 frilled lizards
  8 kobolds
  9 rats
55 creatures vanquished.

Table legend: (Time is in decaauts)
 A = Elapsed time spent in this place.
 B = Non-inter-level travel time spent in this place.
 C = Inter-level travel time spent in this place.
 D = Time resting spent in this place.
 E = Time spent auto-exploring this place.
 F = Levels seen in this place.
 G = Mean time per level.
                   A        B        C        D        E       F      G
               +--------+--------+--------+--------+--------+-----+--------+
         Total |   2725 |   2652 |     73 |    255 |   1925 |   3 |  908.3 |
       Dungeon |   2725 |   2652 |     73 |    255 |   1925 |   3 |  908.3 |
               +--------+--------+--------+--------+--------+-----+--------+

Top non-repeatable levels by time:
     D:1: 1192 daAuts
     D:2: 882 daAuts
     D:3: 650 daAuts

Table legend:
 A = Non-vault XP
 B = Vault XP
 C = Vault XP percentage of total XP
 D = Non-vault monster count
 E = Vault monster count
 F = Vault count percentage of total count
                 A         B        C        D         E       F
            +---------+---------+-------+---------+---------+-------
      Total |     120 |      20 |  14.3 |      50 |       5 |   9.1
            +---------+---------+-------+---------+---------+-------
        D:1 |      27 |       4 |  12.9 |      18 |       3 |  14.3
        D:2 |      18 |       0 |   0.0 |      11 |       0 |   0.0
        D:3 |      75 |      16 |  17.6 |      21 |       2 |   8.7
            +---------+---------+-------+---------+---------+-------
